[Event "*** Titled Tuesday Blitz"]
[Site "Chess.com"]
[Date "2020.05.05"]
[Round "3"]
[White "Reader777"]
[Black "CalinGheorghiu"]
[Result "0-1"]
[WhiteElo "2587"]
[BlackElo "2405"]
[TimeControl "180+1"]
[EndTime "10:30:53 PDT"]
[Termination "CalinGheorghiu won by checkmate"]

1. d4 Nf6 2. c4 e6 3. g3 d5 4. Bg2 Be7 5. Nf3 O-O 6. O-O dxc4 7.
Qc2 b6 8. Nbd2 Bb7 9. Nxc4 Nbd7 10. Rd1 Rc8 11. Bf4 c5 12. Nd6 Bxd6 13. Bxd6 cxd4 14. Qa4 Nc5 15. Qxd4 Re8 16. Bxc5 bxc5 17. Qxd8 Rexd8 18. Rac1 Rxd1+ 19. Rxd1 Kf8 20. Ne5 Bxg2 21. Kxg2 Ke7 22. f4 Nd5 23. Kf3 c4 24. e4 Nb6 25. Ke3 c3 26. b3 f6 27. Nf3 f5 28. exf5 Nd5+ 29. Kd3 Nb4+ 30. Ke2 c2 31. Rc1 Nxa2 32. Kd2 Nxc1 33.
Kxc1 exf5 34. Nd4 g6 35. Nxc2 Rc3 36. Kb2 Rf3 37. Kc1 Rf2 38. h4 Rg2 39. Nd4 Rxg3 40. Kc2 Rg4 41. Nc6+ Kd6 42. Nxa7 Rxh4 43. b4 Rxf4 44. b5 Kc5 45. Kc3 Rf3+ 46. Kd2 h5 47.
Nc6 Rb3 48. Ne5 Rxb5 49. Nxg6 Rb4 50. Ke3 Kd5 51. Kf3 Ke6 52. Kg3 Kf6 53. Nf8 h4+ 54. Kh3 Kg5 55. Ne6+ Kf6 56. Nc5 Rg4 57. Nd7+ Kg5 58.
Ne5 Re4 59. Nf3+ Kf4 60. Nxh4 Re3+ 61. Kg2 Kg4 62. Ng6 Re2+ 63. Kf1 Ra2 64. Ne5+ Kf4 65. Nd3+ Ke3 66. Ne5 f4 67. Ng4+ Kf3 68. Ne5+ Kg3 69. Nd3 f3 70. Ne1 Ra1 71. Kg1 Rxe1# 0-1

[Event "*** Titled Tuesday Blitz"]
[Site "Chess.com"]
[Date "2020.05.05"]
[Round "3"]
[White "ShadowJolteon"]
[Black "Azoulas1"]
[Result "1-0"]
[WhiteElo "2249"]
[BlackElo "1887"]
[TimeControl "180+1"]
[EndTime "10:30:53 PDT"]
[Termination "ShadowJolteon won by checkmate"]

1. d4 Nf6 2. c4 e6 3. g3 c5 4. Nf3 cxd4 5. Nxd4 Nc6 6. Bg2 Be7 7. O-O O-O 8. b3 a6 9. Nc3 Qc7 10. Bb2 b6 11. Rc1 Bb7 12. Nd5 exd5 13. cxd5 Rad8 14. Qc2 Bc5 15. dxc6 dxc6 16. Nf5 Rfe8 17. Bxf6 gxf6 18.
Rcd1 Rxd1 19. Rxd1 Qe5 20. e3 Bc8 21. Nh4 Bg4 22. Rc1 a5 23. Bxc6 Rd8 24. Bg2 Kg7 25. h3 Be6 26. g4 Bxe3 27. Re1 Rd2 28. Qxd2 Bxd2 29. Rxe5 fxe5 30. Nf3 Bc3 31. Kf1 h6 32. Ke2 f6 33. Kd3 Bb4 34. Nd2 Bc5 35. Ne4 Bd4 36.
f4 Bd7 37. fxe5 fxe5 38. Nd6 Be6 39. Be4 Kf6 40. Bf5 Bxf5+ 41. Nxf5 Ba1 42. Ke4 Kg5 43. a3 h5 44. Kf3 hxg4+ 45. hxg4 e4+ 46. Kxe4 Kxg4 47.
Ne3+ Kg5 48. a4 Kf6 49. Nd5+ Ke6 50. Nxb6 Kd6 51. Nc4+ Kc5 52. Nxa5 Kb4 53. Nc6+ Kxb3 54. a5 Bf6 55. a6 Bd8 56. Nxd8 Ka4 57. a7 Kb5 58.
a8=Q Kb6 59. Qb7+ Ka5 60. Kd5 Ka4 61. Kc4 Ka3 62. Qb3# 1-0

[Event "*** Titled Tuesday Blitz"]
[Site "Chess.com"]
[Date "2020.05.05"]
[Round "3"]
[White "dolynachess"]
[Black "DonPreuss"]
[Result "1-0"]
[WhiteElo "2398"]
[BlackElo "2177"]
[TimeControl "180+1"]
[EndTime "10:30:55 PDT"]
[Termination "dolynachess won on time"]

1. Nf3 Nc6 2. g3 e5 3. d3 d6 4. c4 f5 5. Bg2 Nf6 6. O-O Be7 7.
Nc3 O-O 8. Rb1 Qe8 9. Nd5 Nxd5 10. cxd5 Nd8 11. Qc2 c5 12. dxc6 bxc6 13. b4 Bd7 14. b5 Rc8 15. bxc6 Bxc6 16. Qb3+ Kh8 17. Be3 f4 18. Bxa7 Qh5 19. Rfc1 Nf7 20. Qe6 Bf6 21. Rc4 Rce8 22. Qh3 Qxh3 23. Bxh3 Bxf3 24. exf3 Ng5 25. Bg2 d5 26. Rc7 Rc8 27. Rbc1 Rxc7 28. Rxc7 h6 29. h4 Ne6 30. Rd7 Rd8 31. Rxd8+ Nxd8 32. Bh3 Kg8 33.
h5 Kf7 34. Bb6 Nc6 35. a4 Ke7 36. a5 fxg3 37. fxg3 e4 38. fxe4 Bd4+ 39. Bxd4 Nxd4 40. exd5 Kd6 41. a6 Nb5 42. Bc8 Kxd5 43. Bb7+ Kd4 44.
Bc6 Na7 45. Be4 Ke3 46. Kh2 Nb5 47. Kh3 Kd4 48. Kg4 Ke5 49. Kf3 Na7 50. Ke3 Nb5 51.
d4+ Kd6 52. Kf4 Na7 53. Kf5 Ke7 54. Kg6 Kf8 55. g4 Nc8 56. d5 Ne7+ 57. Kh7 Nc8 58. Bf5 Na7 59. d6 Kf7 60. d7 Ke7 61. Kxg7 Nc6 62. Kxh6 Nb8 63. Kg5 Nxa6 64. h6 Nc5 65. h7 Ne6+ 66. Bxe6 1-0

[Event "*** Titled Tuesday Blitz"]
[Site "Chess.com"]
[Date "2020.05.05"]
[Round "3"]
[White "jguerramzllo"]
[Black "GHANDEEVAM2003"]
[Result "1/2-1/2"]
[WhiteElo "2649"]
[BlackElo "2878"]
[TimeControl "180+1"]
[EndTime "10:30:57 PDT"]
[Termination "Game drawn - insufficient material"]

1. c4 e6 2. Nf3 d5 3. g3 Nf6 4.
Bg2 dxc4 5. Qa4+ Nbd7 6. O-O a6 7. Qxc4 b5 8. Qc2 Bb7 9. d4 c5 10. Nc3 Rc8 11. Qd1 cxd4 12. Nxd4 Bxg2 13. Kxg2 Qb6 14.
Nf3 Bc5 15. Bg5 h6 16. Bxf6 Nxf6 17. e3 O-O 18. Qe2 Bb4 19. Nb1 Rfd8 20. a3 Be7 21. Nc3 Qb7 22. Rfd1 Nd7 23. Kg1 Nc5 24. Rxd8+ Rxd8 25. Rd1 Rc8 26. Nd4 Bf6 27. Qc2 Na4 28. Nde2 Qc7 29.
Rd3 g6 30. Qb1 Nc5 31. Rd1 Kg7 32. h4 Qb7 33. Nd4 Rc7 34. Nde2 Nd7 35. Nd4 Bxd4 36.
exd4 Nf6 37. Qd3 Rd7 38. Qe3 Nd5 39. Qe5+ Kg8 40. Ne4 Qc7 41. Nc5 Qxe5 42. dxe5 Ra7 43. Kg2 Rc7 44. Rc1 Nb6 45. Kf3 Nc4 46. Nd3 Nxe5+ 47. Ke3 Ng4+ 48. Kd4 Rxc1 49. Nxc1 Nxf2 50. Kc5 e5 51. Kb6 Nd1 52. b4 f5 53. Kxa6 f4 54.
gxf4 exf4 55. Kxb5 g5 56. hxg5 hxg5 57. a4 f3 58. Nd3 Nc3+ 59. Kc4 Nxa4 60. Kd4 Nb2 61. Nf2 Kf7 62. Ke4 Ke6 63. Kxf3 Kd5 64. Ne4 g4+ 65. Kxg4 Kxe4 66. b5 Nc4 67. b6 Nxb6 1/2-1/2

[Event "*** Titled Tuesday Blitz"]
[Site "Chess.com"]
[Date "2020.05.05"]
[Round "3"]
[White "DFeco"]
[Black "Katheksis"]
[Result "1-0"]
[WhiteElo "2225"]
[BlackElo "2425"]
[TimeControl "180+1"]
[EndTime "10:30:57 PDT"]
[Termination "DFeco won by resignation"]

1. c4 c6 2. g3 d5 3. Nf3 Nf6 4.
Bg2 Bf5 5. O-O e6 6. d3 Nbd7 7. Nc3 Bc5 8. Re1 O-O 9. e4 Bg6 10.
e5 Ng4 11. d4 Be7 12. cxd5 cxd5 13. h3 Nh6 14. Bxh6 gxh6 15. h4 Nb8 16. Qd2 Kg7 17.
Nh2 h5 18. f4 Nc6 19. Rf1 f5 20. Nf3 Rc8 21. Rac1 Na5 22. Qe2 Nc4 23. b3 Na5 24.
Ng5 Bxg5 25. hxg5 a6 26. Bf3 Qe8 27. Kg2 h6 28. gxh6+ Kxh6 29. Rh1 Nc6 30. Bxh5 Kg7 31. Bxg6 Qxg6 32. Qe3 Rh8 33. Ne2 Rxh1 34. Rxh1 Rh8 35. Rxh8 Kxh8 36. a3 Kg7 37. b4 Qh5 38. Qf3 Qe8 39.
Qc3 Qd7 40. a4 Ne7 41. a5 Qb5 42. Kf2 Nc6 43. Qc5 Qxb4 44. Qxb4 Nxb4 45. Nc3 Nc6 46. Ke3 Nxa5 47. Na4 b5 48. Nc5 Nc4+ 49. Kd3 a5 50.
Nxe6+ Kf7 51. Nc7 b4 52. Nxd5 Nb2+ 53. Kc2 Na4 54. Nc7 Nb6 55. d5 a4 56. d6 a3 57.
Kb3 Kf8 58. e6 Kg7 59. e7 Kf6 60. e8=Q a2 61. Qe7+ Kg6 62. Kxa2 Nd5 63. Qe6+ Nf6 64. Ne8 Kh5 65. Nxf6+ Kg6 66. Qe7 b3+ 67. Kxb3 Kh6 68. Ng8+ Kh5 69. Qf8 Kg4 70. d7 1-0

[Event "*** Titled Tuesday Blitz"]
[Site "Chess.com"]
[Date "2020.05.05"]
[Round "3"]
[White "Loiacono_Antonio"]
[Black "norwaytoadog"]
[Result "1-0"]
[WhiteElo "2373"]
[BlackElo "2162"]
[TimeControl "180+1"]
[EndTime "10:30:58 PDT"]
[Termination "Loiacono_Antonio won on time"]

1. e4 c5 2. Nf3 d6 3. Bb5+ Bd7 4. Bxd7+ Nxd7 5. O-O Ngf6 6. Re1 e6 7. c3 Be7 8. d4 O-O 9. Bf4 cxd4 10. cxd4 d5 11. e5 Ne4 12. Nbd2 Nxd2 13. Qxd2 Qb6 14. a3 a5 15. Bg5 Bxg5 16. Nxg5 h6 17. Nh3 Rac8 18.
Re3 Rc4 19. Rg3 Qxd4 20. Qxh6 Qxe5 21. Rf1 Qf6 22. Qh5 g6 23. Qe2 Rfc8 24. Ng5 Rc2 25. Qg4 Rxf2 26. Rf3 Rxf1+ 27. Rxf1 Ne5 28. Qh4 Qg7 29.
Qf4 Rc2 30. b4 Rc8 31. h4 axb4 32. axb4 Nd3 33. Qxf7+ Qxf7 34. Rxf7 Nxb4 35. Rxb7 Re8 36. Rxb4 e5 37. Kf2 d4 38. Kf3 Rd8 39. Ke4 d3 40. Rb1 Rd4+ 41. Kxe5 Rxh4 42. Rd1 Rg4 43. Nf3 Rxg2 44.
Rxd3 g5 45. Kf6 g4 46. Ng5 Rf2+ 47. Kg6 Kf8 48. Rd4 g3 49. Rg4 g2 50. Nh3 Re2 51. Kg5 Kf7 52. Nf4 Ra2 53. Nxg2 Ra5+ 54. Kh4 Kf6 55.
Nf4 Ke5 56. Rg5+ Ke4 57. Rxa5 1-0

[Event "*** Titled Tuesday Blitz"]
[Site "Chess.com"]
[Date "2020.05.05"]
[Round "3"]
[White "Al_Shima"]
[Black "Kezin_Roman"]
[Result "0-1"]
[WhiteElo "2450"]
[BlackElo "2790"]
[TimeControl "180+1"]
[EndTime "10:30:59 PDT"]
[Termination "Kezin_Roman won by resignation"]

1. b3 d5 2. Bb2 Nf6 3. e3 g6 4. g3 Bg7 5. Bg2 O-O 6. Ne2 c5 7.
c4 d4 8. exd4 Nh5 9. Na3 cxd4 10. d3 Nc6 11. Nc2 e5 12. b4 Re8 13. b5 Nb8 14. O-O Nd7 15. Qd2 Nc5 16. Nc1 Na4 17.
Ba3 e4 18. Re1 e3 19. Qb4 Nc3 20. fxe3 dxe3 21. Bb2 Qf6 22. Rf1 Ne2+ 23. Nxe2 Qxb2 24. Qxb2 Bxb2 25. Rab1 Bg7 26. Rf3 Bg4 27. h3 Bxf3 28.
Bxf3 Rab8 29. d4 Nf6 30. c5 Red8 31. Rb3 Nd5 32. Bxd5 Rxd5 33. Rxe3 Rd7 34. Kf2 f5 35. a4 Kf7 36. Rd3 Rc8 37. Ke3 Re8+ 38. Kd2 Rc8 39. Nb4 Bh6+ 40. Kc3 Bg7 41. Kc4 Bf8 42. Nf4 b6 43. c6 Bxb4 44. Kxb4 Rd6 45. d5 Re8 46. Rd4 Ke7 47. a5 Red8 48. axb6 axb6 49. Rd3 Re8 50. Re3+ Kf7 51. Rxe8 Kxe8 52. Kc4 Ke7 53. h4 Rd8 54. Kd4 Kd6 55. Ne6 Ra8 56. c7 Rc8 57. Kc4 Rxc7+ 58. Nxc7 Kxc7 59. Kd4 Kd6 60. Kc4 Ke5 61. d6 Kxd6 62.
Kd4 Ke6 63. Ke3 Ke5 64. Kf3 h6 65. Ke3 g5 66. hxg5 hxg5 67. Kf3 Kd5 68. g4 f4 0-1

[Event "*** Titled Tuesday Blitz"]
[Site "Chess.com"]
[Date "2020.05.05"]
[Round "3"]
[White "adriangschnitzer"]
[Black "Twitch_ElhamBlitz05"]
[Result "1-0"]
[WhiteElo "2425"]
[BlackElo "2633"]
[TimeControl "180+1"]
[EndTime "10:31:00 PDT"]
[Termination "adriangschnitzer won by resignation"]

1. c4 Nf6 2. Nc3 e6 3. d4 d5 4. f3 c5 5. e3 cxd4 6. exd4 Nc6 7. c5 e5 8. dxe5 Nxe5 9. Be3 Be7 10. Bb5+ Nc6 11.
Nge2 O-O 12. O-O Re8 13. Bf2 a6 14. Ba4 Qa5 15. Bb3 Bxc5 16. Nxd5 Nxd5 17. Qxd5 Bxf2+ 18. Rxf2 Qxd5 19. Bxd5 Be6 20. Nc3 Bxd5 21. Nxd5 Rad8 22.
Rd1 f6 23. Rfd2 Kf7 24. Kf2 Ne5 25. Nb6 Rxd2+ 26. Rxd2 Re6 27. Nd7 Nc6 28. Nc5 Ne7 29.
Nxe6 Kxe6 30. Ke3 Nc6 31. b3 Nb4 32. Kd4 b6 33. a4 Nc6+ 34. Ke4 Na5 35. b4 Nc4 36.
Rc2 Nd6+ 37. Kd4 Nf5+ 38. Kd3 Kd6 39. Rc8 Ne7 40. Ra8 Nc6 41. b5 Ne5+ 42. Ke4 axb5 43.
axb5 h6 44. Kf5 Kc5 45. Ra7 g5 46. Kxf6 Nc4 47. Kg6 Ne3 48. g4 Ng2 49. Kxh6 Nh4 50. Kxg5 Nxf3+ 51. Kf4 Nxh2 52. Rh7 Nxg4 53. Kxg4 Kxb5 54.
Kf3 Kc4 55. Ke2 Kb3 56. Kd1 b5 57. Kc1 b4 58. Kb1 Ka3 59. Rh3+ Ka4 60. Rg3 Kb5 61.
Kb2 Kc4 62. Rg4+ Kb5 63. Kb3 1-0

[Event "*** Titled Tuesday Blitz"]
[Site "Chess.com"]
[Date "2020.05.05"]
[Round "3"]
[White "realmadridtv"]
[Black "bazar-wokzal"]
[Result "1/2-1/2"]
[WhiteElo "2336"]
[BlackElo "2524"]
[TimeControl "180+1"]
[EndTime "10:31:00 PDT"]
[Termination "Game drawn by repetition"]

1. d4 Nf6 2. c4 Nc6 3. Nf3 e6 4. g3 Bb4+ 5. Nbd2 a5 6. a3 Bxd2+ 7. Bxd2 a4 8. Bg2 d6 9. O-O e5 10. dxe5 dxe5 11. Bc3 Qe7 12. Qc2 O-O 13. Rad1 Bg4 14. h3 Bh5 15. Nh4 Qe6 16. Bb4 Rfd8 17. g4 Nd4 18. Qd3 Nxg4 19. hxg4 Qxg4 20. Nf3 e4 21. Qxd4 Rxd4 22. Rxd4 Re8 23. Re1 Qg6 24. Nd2 e3 25. fxe3 Qg5 26. Nf1 Bg6 27. Kf2 c5 28. Rf4 cxb4 29.
axb4 Qe5 30. b5 Qxb2 31. Bxb7 a3 32. Bc6 Rd8 33. c5 a2 34. Ra4 Bc2 35. Ra7 Be4 36. Bxe4 Qxb5 37. Rxa2 Qxc5 38. Bf3 h5 39. Rea1 g6 40.
Ra5 Ra8 41. Rxa8+ Kg7 42. R8a5 Qe7 43. R5a4 g5 44. Bxh5 Qf6+ 45. Bf3 Qh6 46. Rg4 f5 47. Rg2 g4 48. e4 Qh4+ 49. Rg3 f4 50. Ra5 fxg3+ 51.
Nxg3 gxf3 52. Kxf3 Qd8 53. Ra7+ Kf6 54. Ra6+ Ke5 55. Nf5 Qd1 56. Ra5+ Ke6 57. Ne3 Qh1+ 58. Kf2 Qh4+ 59. Kf3 Qh1+ 60. Kf4 Qh2+ 61. Kf3 Qh1+ 1/2-1/2

[Event "*** Titled Tuesday Blitz"]
[Site "Chess.com"]
[Date "2020.05.05"]
[Round "3"]
[White "Durarbayli"]
[Black "profofchess"]
[Result "1-0"]
[WhiteElo "2802"]
[BlackElo "2451"]
[TimeControl "180+1"]
[EndTime "10:31:03 PDT"]
[Termination "Durarbayli won by resignation"]

1. e4 e6 2. b3 d5 3. exd5 exd5 4. Bb2 Nc6 5. Bb5 Nf6 6. Qe2+ Be6 7. Nf3 a6 8. Bxc6+ bxc6 9. Nc3 Be7 10. O-O-O a5 11.
Na4 O-O 12. d4 Ne4 13. Ne5 Qe8 14. f3 Nd6 15. Nc5 Bf6 16. Rhe1 a4 17. Nxa4 Nc4 18.
Nxc4 dxc4 19. Kb1 cxb3 20. cxb3 Qe7 21. Nc5 Rfe8 22. Nxe6 fxe6 23. Qc4 Qd6 24. Rc1 Kh8 25. Qxc6 Qxh2 26. Rxe6 Reb8 27. Re2 Qf4 28. Qxc7 Qf5+ 29. Rec2 Qb5 30. d5 Qa6 31. Bxf6 gxf6 32. Rb2 Rc8 33.
Qf4 Qd3+ 34. Ka1 Rxc1+ 35. Qxc1 Qd4 36. Kb1 Qxd5 37. Rc2 Qf5 38. Qe3 Rc8 39. Qe4 Qxe4 40. fxe4 Re8 41. Re2 f5 42. e5 Kg7 43. a4 Kf7 44. e6+ Ke7 45. Kb2 Rg8 46. a5 h5 47.
b4 h4 48. Kb3 f4 49. a6 f3 50. gxf3 h3 51. a7 Ra8 52. Ra2 Kxe6 53. b5 h2 54.
Rxh2 Rxa7 55. Kb4 Rb7 56. Re2+ Kf5 57. Kc5 Kf4 58. b6 Kxf3 59. Re8 Rg7 60. Kc6 Rg1 61. b7 Rc1+ 62. Kd6 Rd1+ 63. Ke7 Rb1 64. b8=Q Re1+ 65.
Kf7 Re5 66. Qa8+ 1-0

[Event "*** Titled Tuesday Blitz"]
[Site "Chess.com"]
[Date "2020.05.05"]
[Round "3"]
[White "FranciscodelaF"]
[Black "ClassyEl"]
[Result "0-1"]
[WhiteElo "2350"]
[BlackElo "2550"]
[TimeControl "180+1"]
[EndTime "10:31:03 PDT"]
[Termination "ClassyEl won on time"]

1. d4 Nf6 2. c4 c5 3. Nf3 e6 4. g3 cxd4 5. Nxd4 d5 6. Bg2 e5 7. Nf3 d4 8. O-O Nc6 9. e3 Be7 10. exd4 exd4 11. a3 a5 12. b3 O-O 13. Bb2 Bc5 14. Re1 Qb6 15. Nbd2 Bf5 16. Ne5 Nxe5 17. Rxe5 Bg4 18. Qe1 Rfe8 19. h3 Bd7 20. Kh2 h6 21. f4 Bd6 22. Rxe8+ Rxe8 23. Qf1 Bc5 24. Re1 Re3 25. Re2 Bf5 26. Qd1 h5 27. Rxe3 dxe3 28. Nf3 Qd6 29. Qxd6 Bxd6 30. Nd4 Be4 31. Bf3 h4 32. Kg2 e2 33. Kf2 hxg3+ 34. Kxe2 Bxf4 35. Bxe4 Nxe4 36. Kf3 Be5 37. Kxe4 g2 38.
Ne2 Bxb2 39. Kf3 Bxa3 40. Kxg2 Bc5 41. Kf3 f5 42. Kf4 g6 43. h4 Kf7 44. h5 gxh5 45.
Kxf5 h4 46. Kg4 Bf2 47. Nf4 Ke7 48. Nd5+ Kd6 49. Nc3 Be1 50. Ne4+ Ke5 51. Ng5 Kd4 52.
Nf3+ Kc3 53. Nxe1 Kxb3 54. c5 a4 55. Nd3 a3 56. Kxh4 Kc4 57. Nc1 Kxc5 58. Kg3 Kc4 59. Kf2 Kc3 60. Ke2 Kc2 61. Na2 b5 62. Ke3 Kb2 63.
Nb4 a2 0-1

[Event "*** Titled Tuesday Blitz"]
[Site "Chess.com"]
[Date "2020.05.05"]
[Round "3"]
[White "MihailNik"]
[Black "aakankshachess"]
[Result "1-0"]
[WhiteElo "2724"]
[BlackElo "2500"]
[TimeControl "180+1"]
[EndTime "10:31:04 PDT"]
[Termination "MihailNik won by resignation"]

1. c4 c5 2. Nc3 Nc6 3. g3 g6 4. Bg2 Bg7 5. Nf3 e6 6. d3 Nge7 7. O-O d5 8. Bg5 O-O 9. Rb1 d4 10. Na4 Qd6 11. Nd2 f6 12. Ne4 Qc7 13. Bd2 b6 14. a3 h6 15. b4 f5 16. Nexc5 bxc5 17. b5 Bd7 18. bxc6 Bxc6 19. Bxc6 Qxc6 20. Rb5 e5 21. Rxc5 Qe6 22. Rc7 Rfc8 23. Rxc8+ Rxc8 24. Qb3 e4 25. Bb4 e3 26. f3 Nc6 27. Nc5 Qf7 28. Qa4 Qc7 29. Ne6 Qb7 30. Nxg7 Kxg7 31. Bc5 Kh7 32.
Qb5 Rb8 33. Qxb7+ Rxb7 34. f4 Rb2 35. Re1 Kg8 36. Kg2 Kf7 37. Kf3 Ke8 38. g4 Kf7 39. gxf5 gxf5 40. Rg1 Rb3 41. Rg3 Rb2 42. h4 Rb1 43. Rg2 Rf1+ 44. Kg3 a6 45. h5 Rh1 46. Rh2 Rg1+ 47. Kh3 Rg4 48. Rg2 Rxf4 49. Rg6 Nd8 50.
Rxa6 Ne6 51. Ra7+ Kf6 52. Be7+ Kf7 53. Bg5+ Ke8 54. Bxf4 Nxf4+ 55. Kh2 Nxe2 56. Ra5 f4 57. Kg2 Nc1 58. Kf3 Nxd3 59. Rd5 Ne1+ 60. Ke2 Nc2 61.
c5 Ke7 62. c6 Ke6 63. c7 f3+ 64. Kxf3 Kxd5 65. c8=Q Ne1+ 66. Ke2 d3+ 67. Kxe3 d2 68.
Kxd2 Nf3+ 69. Ke3 Ne5 70. a4 Nc4+ 71. Kd3 Ne5+ 72. Kc3 Nc6 73. Qb7 Kc5 74. Qb5+ Kd6 75. a5 Kc7 76. a6 Kd6 77. Qb6 Kd7 78. a7 Nxa7 79. Qxa7+ Ke6 80. Qh7 Kf6 81. Qxh6+ Kf7 82. Qg6+ 1-0

[Event "*** Titled Tuesday Blitz"]
[Site "Chess.com"]
[Date "2020.05.05"]
[Round "3"]
[White "Gergo85"]
[Black "bancsoo"]
[Result "1/2-1/2"]
[WhiteElo "2537"]
[BlackElo "2732"]
[TimeControl "180+1"]
[EndTime "10:31:05 PDT"]
[Termination "Game drawn by repetition"]

1. e4 d5 2. exd5 Qxd5 3. Nc3 Qd6 4. d4 Nf6 5. Nf3 c6 6. Be2 Bg4 7. O-O e6 8. h3 Bh5 9. Ne5 Bxe2 10. Nxe2 Be7 11. Bf4 Qd8 12. c3 O-O 13. Qb3 Qb6 14. Nc4 Qa6 15. Ng3 Nbd7 16. Rfe1 Rfe8 17. Be5 Nb6 18.
Nxb6 Qxb6 19. Ne4 Nxe4 20. Rxe4 Qxb3 21. axb3 a6 22. Bg3 Rad8 23. b4 Rd5 24. Re5 Red8 25. Kf1 Rxe5 26. Bxe5 f6 27. Bg3 Kf7 28. Ke2 h5 29.
Ra5 g6 30. f3 Rd5 31. Ra1 g5 32. Bf2 e5 33. c4 Rd8 34. dxe5 Bxb4 35. Be3 fxe5 36.
Bxg5 Rg8 37. h4 Be7 38. Bxe7 Kxe7 39. Kf2 Rd8 40. Ke3 Rd4 41. b3 Rxh4 42. Rd1 b5 43. cxb5 axb5 44. Rc1 Kd6 45. Rc3 Rd4 46. g3 Kd5 47.
Rc1 e4 48. fxe4+ Rxe4+ 49. Kf3 Rb4 50. Rd1+ Kc5 51. Rc1+ Kd5 52. Rd1+ Rd4 53. Rh1 Rd3+ 54. Kf4 Rxb3 55. Rxh5+ Kc4 56. g4 Rb1 57. g5 Rf1+ 58. Ke5 Rg1 59. Kf6 b4 60. g6 b3 61. Rg5 Rxg5 62. Kxg5 b2 63. g7 b1=Q 64. g8=Q+ Kc5 65.
Qf8+ Kd5 66. Qf7+ Kd6 67. Qf8+ Kc7 68. Qe7+ Kb6 69. Qe3+ c5 70. Qe6+ Kb5 71. Qd7+ Kc4 72. Qf7+ Kc3 73. Qf6+ Kb3 74. Qb6+ Ka2 75. Qa5+ Kb2 76.
Qb5+ Ka2 77. Qa5+ Kb2 78. Qb5+ Ka2 79. Qa5+ 1/2-1/2

[Event "*** Titled Tuesday Blitz"]
[Site "Chess.com"]
[Date "2020.05.05"]
[Round "3"]
[White "Ziachess74"]
[Black "smshk35"]
[Result "0-1"]
[WhiteElo "2559"]
[BlackElo "2381"]
[TimeControl "180+1"]
[EndTime "10:31:07 PDT"]
[Termination "smshk35 won by resignation"]

1. d4 Nf6 2. c4 g6 3. Nc3 Bg7 4. e4 d6 5. Nf3 O-O 6. h3 c5 7. d5 b5 8. cxb5 a6 9. a4 axb5 10. Bxb5 Ba6 11. Bxa6 Nxa6 12. O-O Qb6 13. Nd2 Rfb8 14.
Nc4 Qb4 15. Qe2 Nc7 16. Bd2 Qb7 17. Rfb1 Nd7 18. a5 Nb5 19. Na4 Nd4 20. Qd1 Nb3 21. Ra3 Qb5 22. Nab6 Nxd2 23. Nxd2 Nxb6 24. axb6 Qxb6 25.
Rxa8 Rxa8 26. Nc4 Qb4 27. Qc2 Bd4 28. g3 Rb8 29. Kg2 Qb3 30. Rc1 Qa2 31. Qe2 Rb4 32.
Rc2 Qb1 33. h4 h5 34. Rd2 Kg7 35. Rd1 Qa2 36. Rc1 Qa4 37. Rc2 Rb3 38. Qd1 Qb5 39. Qe2 Rb4 40. Qd3 Rb3 41. Qd2 Qa6 42. Qe2 Qa1 43. g4 hxg4 44. Qxg4 Bxb2 45. Qe2 Bd4 46.
e5 dxe5 47. Nd2 Rb2 48. Nc4 Rxc2 49. Qxc2 Qc3 50. Qxc3 Bxc3 51. Kf3 f5 52. Ke3 Bd4+ 53. Ke2 Kf6 54. f3 Kg7 55. Kd3 Kh6 56. d6 exd6 57.
Nxd6 Kh5 58. Nf7 Kxh4 59. Nh8 g5 60. Ng6+ Kg3 61. Ke2 c4 62. Ne7 c3 63. Nxf5+ Kf4 64. Nd6 c2 65. Kd2 Kxf3 66. Kxc2 g4 67. Kd1 g3 68.
Nc4 g2 69. Nd2+ Kf2 70. Ne4+ Ke3 0-1

[Event "*** Titled Tuesday Blitz"]
[Site "Chess.com"]
[Date "2020.05.05"]
[Round "3"]
[White "zajka-molotok"]
[Black "grzechu96"]
[Result "1/2-1/2"]
[WhiteElo "2391"]
[BlackElo "2591"]
[TimeControl "180+1"]
[EndTime "10:31:09 PDT"]
[Termination "Game drawn by agreement"]

1. d4 d5 2. c4 c6 3. cxd5 cxd5 4. Nc3 Nc6 5. e4 dxe4 6. d5 Ne5 7. Qa4+ Bd7 8. Qxe4 Ng6 9. Nf3 Nf6 10. Qd4 e6 11. dxe6 Bxe6 12. Bb5+ Bd7 13. O-O Be7 14. Re1 Bxb5 15. Qxd8+ Rxd8 16. Nxb5 a6 17. Nc3 O-O 18. Bg5 h6 19. Be3 Nd5 20. Nxd5 Rxd5 21. Rad1 Rfd8 22. Rxd5 Rxd5 23. Kf1 Bf6 24. b3 Ne7 25. Ke2 Nc6 26. Rd1 Rxd1 27. Kxd1 Kf8 28. Kd2 Ke7 29. Bc5+ Ke6 30. Kd3 Kd5 31. Bf8 h5 32.
Nd2 Ne5+ 33. Ke2 g6 34. h3 Nd7 35. Bb4 Bd4 36. Nf3 Bf6 37. Nd2 Ne5 38. Nf3 Nc6 39. Bf8 Na7 40. Kd3 Nb5 41. Nd2 Nc3 42. a4 Nd1 43. f3 Nf2+ 44. Ke2 Nh1 45. Ne4 Be5 46. Kd3 f5 47. Nc3+ Kc6 48. Ne2 Kd5 49. Nc3+ Kc6 50. Ne2 Kd5 51. Bh6 Ng3 52. Nxg3 Bxg3 53.
Be3 Bd6 54. Bd4 Bc7 55. Bf2 Bd8 56. Bd4 Be7 57. Bf2 Bf6 58. Be3 Be5 59. Bf2 Bd6 60.
Be3 Bc5 61. Bd2 Bd4 62. Bf4 Bb2 63. Be3 Be5 64. Bf2 Bd6 65. Be3 Bc5 66. Bf4 Bf2 67. Bd2 Kc5 68. Bc3 Bg1 69. Bd2 Kd5 70. Bc3 Bc5 71. Bb2 Bd6 72. Bc3 Be5 73. Bd2 Bf6 74. Be3 Bg7 75. Bf2 Be5 1/2-1/2

[Event "*** Titled Tuesday Blitz"]
[Site "Chess.com"]
[Date "2020.05.05"]
[Round "3"]
[White "regular_legs"]
[Black "Igor_Lysyj"]
[Result "1/2-1/2"]
[WhiteElo "2585"]
[BlackElo "2772"]
[TimeControl "180+1"]
[EndTime "10:31:10 PDT"]
[Termination "Game drawn - insufficient material"]

1. d4 Nf6 2. c4 e6 3. Nc3 Bb4 4. Qc2 O-O 5. Nf3 d5 6. a3 Bxc3+ 7. Qxc3 dxc4 8. Qxc4 b6 9. Bg5 Ba6 10. Qc3 Nbd7 11.
g3 Bb7 12. Bg2 h6 13. Bxf6 Nxf6 14. O-O Rc8 15. Rfd1 Qe7 16. Rac1 c5 17. dxc5 Rxc5 18. Qb4 Nd5 19. Qd2 Rfc8 20. Ne5 Rxc1 21. Rxc1 Rxc1+ 22.
Qxc1 Qd6 23. Nd3 Qb8 24. e4 Ne7 25. Qc3 Qd8 26. f3 Ba6 27. Bf1 Bxd3 28. Bxd3 Qd6 29. Bb5 g6 30. Kf2 g5 31. Ke3 Ng6 32. Qd4 Qc7 33. Qc3 Qxc3+ 34. bxc3 Kf8 35. f4 gxf4+ 36. gxf4 e5 37. fxe5 Nxe5 38. Kf4 Ng6+ 39. Kf5 Ke7 40. Bc4 Nf8 41. Bb5 Ng6 42. Bc4 Nf8 43. e5 Nd7 44. e6 fxe6+ 45. Bxe6 Nc5 46. Bc4 Na4 47. Kg6 Nxc3 48.
Kxh6 Kf8 49. h4 Nb1 50. a4 Nc3 51. Bb5 a5 52. Bc6 Ne2 53. h5 Nd4 54. Bd5 b5 55.
axb5 Nxb5 56. Kg5 Kg7 57. h6+ Kh8 58. Kf4 a4 59. Ke3 Nc3 60. Bc4 a3 61. Kd2 Na4 62. Kc2 Nb6 63. Bb3 Kh7 64. Kb1 Nd5 65. Bxd5 Kxh6 66. Ka2 Kg5 67. Kxa3 1/2-1/2

[Event "*** Titled Tuesday Blitz"]
[Site "Chess.com"]
[Date "2020.05.05"]
[Round "3"]
[White "BlackBoarder"]
[Black "Pittiplatsh"]
[Result "0-1"]
[WhiteElo "2691"]
[BlackElo "2509"]
[TimeControl "180+1"]
[EndTime "10:31:11 PDT"]
[Termination "Pittiplatsh won by checkmate"]

1. e4 c5 2. Nf3 d6 3. c3 Nf6 4. h3 Bd7 5. Bd3 Bc6 6. Qe2 e5 7. Bc2 Be7 8. d4 Qc7 9. O-O O-O 10. dxe5 dxe5 11. Bg5 Nbd7 12. Nbd2 b5 13. a4 a6 14. axb5 axb5 15. Rfd1 c4 16. Nf1 Nc5 17. N3d2 Rxa1 18. Rxa1 h6 19. Bxf6 Bxf6 20. Ne3 Rd8 21. Ng4 Be7 22. Nf3 Nd3 23. b3 Bc5 24. bxc4 bxc4 25.
Rd1 h5 26. Ne3 Bxe4 27. Nd2 Nxf2 28. Qxf2 Bxc2 29. Re1 Bd3 30. Kh1 Qb6 31. Qg3 Qg6 32. Qxg6 Bxg6 33. Ndxc4 f6 34. Rc1 Rd3 35. Nf1 Be4 36.
Kh2 h4 37. Ncd2 Bc6 38. c4 e4 39. Re1 e3 40. Nf3 Bxf3 41. gxf3 f5 42. f4 Bd6 43. Kg2 Bxf4 44. Kf3 Bg5 45. Nxe3 Rc3 46. Kf2 Bxe3+ 47.
Rxe3 Rxe3 48. Kxe3 g5 49. c5 Kf7 50. Kd4 Ke7 51.
Ke5 g4 52. hxg4 fxg4 53. Kf4 g3 54. Kf3 Kd7 55. Kg2 Kc6 56. Kh3 Kxc5 57. Kg2 Kd4 58.
Kh3 Ke3 59. Kg2 Ke2 60. Kg1 Kf3 61. Kf1 h3 62. Kg1 g2 63. Kh2 Kf2 64. Kxh3 g1=Q 65.
Kh4 Kf3 66. Kh5 Kf4 67. Kh6 Kf5 68. Kh7 Kf6 69. Kh6 Qh1# 0-1

[Event "*** Titled Tuesday Blitz"]
[Site "Chess.com"]
[Date "2020.05.05"]
[Round "3"]
[White "Shuvatkin_Vladimir"]
[Black "sotochess"]
[Result "0-1"]
[WhiteElo "2323"]
[BlackElo "2163"]
[TimeControl "180+1"]
[EndTime "10:31:11 PDT"]
[Termination "sotochess won by resignation"]

1. d4 Nf6 2. Nf3 g6 3. g3 Bg7 4. Bg2 O-O 5. O-O d6 6. c4 Nc6 7.
Nc3 Bg4 8. h3 Bxf3 9. exf3 Nd7 10. Be3 e5 11. Ne2 Nb6 12. Rc1 Re8 13. f4 exd4 14.
Nxd4 Qd7 15. c5 Bxd4 16. Bxd4 dxc5 17. Bxc5 Rad8 18. Qxd7 Rxd7 19. Bxc6 bxc6 20. Bxb6 cxb6 21. Rxc6 Re2 22. a4 Rxb2 23. a5 b5 24. a6 b4 25. Rc8+ Kg7 26. Rb8 Rd6 27. Ra1 Rdd2 28. Rf1 Rd6 29. Ra1 Rdd2 30. Rf1 Ra2 31. Rxb4 Rxa6 32.
Rb5 Raa2 33. f5 a6 34. Rc5 g5 35. Kg2 h5 36. Rc6 a5 37. Kf3 a4 38. Ra6 Ra3+ 39. Ke4 Re2+ 40. Kd4 Rf3 41. Rxa4 Rxf5 42. Kd3 Re6 43.
Re4 Rf3+ 44. Kd4 Ref6 45. Re2 Rxg3 46. fxg3 Rxf1 47. Ke3 Kg6 48. g4 Rh1 49. gxh5+ Kxh5 50. Rf2 Rxh3+ 51. Ke4 Kg6 52. Ra2 Rb3 53. Ra6+ f6 54. Rc6 Rb4+ 55. Kf3 Ra4 56. Rb6 Rf4+ 57. Kg3 Kh5 58. Rb8 Ra4 59. Rh8+ Kg6 60. Rb8 Ra3+ 61. Kf2 g4 62. Rb5 f5 63. Rc5 Kg5 64. Kg2 Ra2+ 65.
Kg3 Ra3+ 66. Kg2 Rf3 67. Rb5 Kh4 68. Rb8 Ra3 69. Rh8+ Kg5 70. Rg8+ Kf4 71. Rb8 Ra2+ 72. Kg1 g3 73. Rb4+ Kg5 74. Kf1 f4 75. Kg1 Kg4 76. Rb3 Kh3 77. Rb1 f3 78. Rf1 Rg2+ 79. Kh1 Rh2+ 80.
Kg1 f2+ 0-1